 Dungeon Crawl Stone Soup version 0.22-a0-185-ge330310 (webtiles) character file.

234 vishdafish the Skirmisher (level 5, -4/42 HPs)
             Began as a Demonspawn Fighter on Feb 15, 2018.
             Slain by Flooderbenga's ghost (11 damage)
             ... on level 3 of the Dungeon.
             The game lasted 00:02:19 (2090 turns).

vishdafish the Skirmisher (Demonspawn Fighter)      Turns: 2090, Time: 00:02:19

Health: -4/42      AC:  6    Str: 18    XL:     5   Next: 75%
Magic:  5/5        EV:  7    Int: 10    God:
Gold:   128        SH:  9    Dex: 13    Spells: 4/4 levels left

rFire    . . .     SeeInvis .   a - +0 long sword
rCold    . . .     Gourm    .   c - +0 shield
rNeg     . . .     Faith    .   b - +0 scale mail
rPois    .         Spirit   .   (no helmet)
rElec    .         Reflect  .   (no cloak)
rCorr    .         Harm     .   (no gloves)
MR       .....     Clarity  +   (no boots)
Stlth    ..........             (no amulet)
HPRegen  0.14/turn              (no ring)
MPRegen  0.09/turn              (no ring)

@: no status effects
A: hooves 1, clarity, foul stench 1, strong 1, rot immunity
a: no special abilities


You were on level 3 of the Dungeon.
You were not hungry.

You visited 1 branch of the dungeon, and saw 3 of its levels.

You collected 128 gold pieces.

Inventory:

Hand Weapons
 a - a +0 long sword (weapon)
Armour
 b - a +0 scale mail (worn)
 c - a +0 shield (worn)
Jewellery
 e - a cursed ring of loudness {unknown}
Scrolls
 d - a scroll of random uselessness {unknown}
 g - a scroll of amnesia {unknown}
 h - 2 scrolls of enchant weapon {unknown}
 j - 7 scrolls of identify {unknown}
 k - 4 scrolls of teleportation {unknown}
 l - 2 scrolls of remove curse {unknown}
 o - 2 scrolls of blinking {unknown}
 q - a scroll of immolation {unknown}
Potions
 i - a potion of magic {unknown}
 m - a potion of berserk rage {unknown}
 n - a potion of degeneration {unknown}
 r - a potion of heal wounds {unknown}
 s - a potion of brilliance {unknown}
Comestibles
 f - 7 rations
 t - 2 chunks of flesh


   Skills:
 + Level 3.9 Fighting
 * Level 3.7 Long Blades
 + Level 3.5 Armour
 + Level 3.5 Shields


You had 4 spell levels left.
You didn't know any spells.

Dungeon Overview and Level Annotations

Branches:
Dungeon (3/15)

Altars:

Annotations:
D:3 Flooderbenga's ghost, amateur TrMo


Innate Abilities, Weirdness & Mutations

You may emit foul miasma when damaged in melee.
You are immune to rotting.
You have large cloven feet.
You possess an exceptional clarity of mind.
Your muscles are strong. (Str +2)


Message History

You closely miss Flooderbenga's ghost.
Flooderbenga's ghost hits you but does no damage.
You block Flooderbenga's ghost's attack.
You barely miss Flooderbenga's ghost.
Flooderbenga's ghost closely misses you.
You hit Flooderbenga's ghost but do no damage.
Flooderbenga's ghost hits you! You block the rat's attack.
You closely miss Flooderbenga's ghost. Flooderbenga's ghost barely misses you.
You riposte.
You closely miss Flooderbenga's ghost. You block the rat's attack.
Your shield and scale mail prevent you from hitting Flooderbenga's ghost.
Flooderbenga's ghost hits you!
* * * LOW HITPOINT WARNING * * *
The rat closely misses you.
You riposte.
You hit the rat.
You kill the rat!
You block Flooderbenga's ghost's attack.
You see here a rat corpse.
It was a potion of mutation.
You feel extremely strange.
You feel stronger.
Your thoughts seem clearer.
Your feet thicken and deform.
Flooderbenga's ghost hits you!
You die...

#...#.# #.####
#...#.###.....
##............
#.##.########
#.#..........
#.#..########
#.#..# #W#..##
#@#...####
#+#......#
......##...##
......#8...8#
.......##.).##
.....). #...#
....... #...#
....... 8...⌠
##...##


You could see Flooderbenga's ghost.

Vanquished Creatures
  Sigmund (D:2)
  A worker ant (D:2)
  An adder (D:2)
  2 dart slugs
  A leopard gecko (D:3)
  7 goblins
  5 hobgoblins
  4 jackals (D:2)
  3 quokkas
  A ball python (D:1)
  2 bats (D:2)
  6 frilled lizards
  9 kobolds
  7 rats
50 creatures vanquished.

Notes
Turn   | Place    | Note
-------+----------+-------------------------------------------
     0 | D:1      | vishdafish the Demonspawn Fighter began the quest for the Orb.
     0 | D:1      | Reached XP level 1. HP: 18/18 MP: 1/1
   385 | D:1      | Gained mutation: You are immune to rotting. [demonic ancestry]
   385 | D:1      | Reached XP level 2. HP: 22/24 MP: 2/2
   896 | D:2      | Reached XP level 3. HP: 29/29 MP: 3/3
  1516 | D:2      | Noticed Sigmund
  1526 | D:2      | Killed Sigmund
  1526 | D:2      | Reached XP level 4. HP: 26/37 MP: 4/4
  1526 | D:2      | Gained mutation: You may emit foul miasma when damaged in melee. [demonic ancestry]
  1526 | D:2      | Reached XP level 5. HP: 30/42 MP: 5/5
  2061 | D:3      | Noticed Flooderbenga's ghost (amateur TrMo)
  2090 | D:3      | Gained mutation: Your muscles are strong. (Str +2) [potion of mutation]
  2090 | D:3      | Gained mutation: You possess an exceptional clarity of mind. [potion of mutation]
  2090 | D:3      | Gained mutation: You have large cloven feet. [potion of mutation]
  2090 | D:3      | Slain by Flooderbenga's ghost

Vault maps used:
D:1:      dpeg_cavernosity
D:2:      uniq_sigmund
D:3:      vehumet_crystals, serial_corexii_hall, corexii_hall_statues_i,
          corexii_hall_statues_l, minmay_misc_feat_more_columns,
          uniq_crazy_yiuf_cottage

Skill      XL: |  1  2  3 |
---------------+----------+-----
Long Blades    | 2 3 |  3.7
Shields        | 3 |  3.5
Armour         | 3 |  3.5
Fighting       | |  3.9

Action                   |  1- 3 |  4- 6 || total
-------------------------+-------+-------++-------
Melee: Long sword        |   158 |    36 ||   194
  Use: Potion            |     1 |     1 ||     2
  Eat: Chunk             |     2 |     2 ||     4
Armor: Scale mail        |    79 |    10 ||    89
Dodge: Dodged            |    52 |    11 ||    63
Block: Shield            |    80 |    21 ||   101
       Rpst.: Long sword |    19 |     5 ||    24

Table legend:
 A = Spawn XP
 B = Non-spawn XP
 C = Spawn XP percentage of total XP
 D = Spawn monster count
 E = Non-spawn monster count
 F = Spawn count percentage of total count
 G = Total turns spent on level
                    A         B        C        D         E        F      G
               +---------+---------+-------+---------+---------+-------+---------
         Total |       0 |     335 |   0.0 |       0 |      50 |   0.0 |  2090
               +---------+---------+-------+---------+---------+-------+---------
           D:1 |       0 |      39 |   0.0 |       0 |      26 |   0.0 |   891
           D:2 |       0 |     287 |   0.0 |       0 |      19 |   0.0 |   985
           D:3 |       0 |       9 |   0.0 |       0 |       5 |   0.0 |   214
               +---------+---------+-------+---------+---------+-------+---------
